 Seeded DCSS version 0.29-a0-1009-g60c99734e7 (webtiles) character file.

Game seed: 1 (custom seed)

710 Kazon the Chopper (level 7, -7/61 HPs)
             Began as a Hill Orc Monk on Aug 8, 2022.
             Was a Believer of Beogh.
             Mangled by Duvessa
             ... wielding a +0 rapier
              (20 damage)
             ... on level 5 of the Dungeon.
             The game lasted 00:16:50 (4347 turns).

Kazon the Chopper (Hill Orc Monk)                   Turns: 4347, Time: 00:16:50

Health: -7/61      AC: 11    Str: 22    XL:     7   Next: 68%
Magic:  9/9        EV:  7    Int: 10    God:    Beogh [**....]
Gold:   168        SH:  0    Dex: 13    Spells: 6/6 levels left

rFire   . . .      SeeInvis +   a - +0 war axe
rCold   . . .      Faith    .   (no shield)
rNeg    . . .      Spirit   .   l - +0 plate armour
rPois   .          Reflect  .   (no helmet)
rElec   .          Harm     .   (no cloak)
rCorr   .          Rampage  .   (no gloves)
Will    .....                   (no boots)
Stlth   ..........              (no amulet)
HPRegen 0.20/turn               c - +6 ring of strength
MPRegen 0.11/turn               u - ring of see invisible

@: no status effects
A: no striking features
a: Renounce Religion, Smiting


You were on level 5 of the Dungeon.
You worshipped Beogh.
Beogh was pleased with you.
You visited 1 branch of the dungeon, and saw 5 of its levels.

You collected 168 gold pieces.

Inventory:

Hand Weapons
 a - a +0 war axe (weapon)
Missiles
 n - 11 poisoned darts
 o - 6 boomerangs
 q - 35 stones (quivered)
Armour
 b - a +0 robe
 l - a +0 plate armour (worn)
Jewellery
 c - a +6 ring of strength (left hand)
 i - a ring of ice
 u - a ring of see invisible (right hand)
Wands
 A - a wand of paralysis (13)
 D - a wand of flame (22)
Scrolls
 e - 5 scrolls of identify {unknown}
 h - a scroll of magic mapping {unknown}
 k - a scroll of torment {unknown}
 m - 3 scrolls of blinking {unknown}
 s - a scroll of enchant weapon {unknown}
 v - 2 scrolls of poison {unknown}
 y - a scroll of teleportation {unknown}
 E - a scroll of noise {unknown}
 F - a scroll of vulnerability {unknown}
Potions
 d - a potion of mutation {unknown}
 f - a potion of might {unknown}
 g - 6 potions of curing
 j - 2 potions of heal wounds {unknown}
 p - a potion of berserk rage {unknown}
 r - a potion of brilliance {unknown}
 t - a potion of invisibility {unknown}
 w - a potion of degeneration {unknown}
 x - 3 potions of cancellation {unknown}
 z - 3 potions of haste
 B - a potion of resistance {unknown}
 C - 2 potions of flight {unknown}


   Skills:
 + Level 5.0 Fighting
 + Level 7.2 Axes
 + Level 1.5 Throwing
 + Level 3.8 Armour
 + Level 2.8 Dodging
 + Level 2.0 Stealth
 * Level 3.8 Invocations
 * Level 1.5 Evocations


You had 6 spell levels left.
You didn't know any spells.
Your spell library contained the following spells:

 Spells                   Type           Power      Damage    Failure   Level
 Apportation              Tloc           0%         N/A       100%        1
 Magic Dart               Conj           0%         1d3       100%        1
 Necrotise                Necr           0%         1d4       100%        1
 Summon Small Mammal      Summ           0%         N/A       100%        1
 Searing Ray              Conj           0%         2d4       100%        2
 Fulminant Prism          Conj/Hex       0%         3d6       100%        4
 Summon Lightning Spire   Summ/Air       0%         N/A       100%        4
 Storm Form               Tmut/Air       0%         N/A       100%        7
 Maxwell's Capacitive Co  Air            0%         ∞         100%        8


Dungeon Overview and Level Annotations

Branches:
Dungeon (5/15)
 Temple: D:4-7

Altars:
Hepliaklqana

Shops:
D:2 [   D:3 :

Annotations:
D:5 1 runed translucent door, Duvessa


Message History

Dowan is severely wounded.
Dowan hits you but does no damage.
You closely miss Dowan.
Dowan is severely wounded.
Dowan hits you with a +0 dagger.
You slash Dowan!
You kill Dowan!
Beogh accepts your kill.
You hear a distant scream of rage.
Duvessa, Sister of Dowan comes into view.
She is wielding a +0 rapier.
Your Fighting skill increases to level 5!
Duvessa goes berserk!
Things that are here:
a +0 dagger; a +0 robe; the elf corpse of Dowan Duvessa hits you but does no damage.
You hit Duvessa.
Duvessa is lightly wounded.
Duvessa hits you with a +0 rapier. Duvessa barely misses you.
You barely miss Duvessa.
Duvessa is lightly wounded.
Duvessa hits you with a +0 rapier. Duvessa hits you but does no damage.
You barely miss Duvessa.
Duvessa is lightly wounded.
Duvessa hits you with a +0 rapier!
You barely miss Duvessa.
Duvessa is lightly wounded.
Duvessa hits you with a +0 rapier! x2
You hit Duvessa but do no damage.
Duvessa is lightly wounded.
Duvessa hits you with a +0 rapier.
* * * LOW HITPOINT WARNING * * *
Duvessa barely misses you.
You hit Duvessa but do no damage.
Duvessa is lightly wounded.
Duvessa hits you with a +0 rapier.
* * * LOW HITPOINT WARNING * * *
You barely miss Duvessa.
Duvessa is lightly wounded.
Duvessa barely misses you. Duvessa hits you with a +0 rapier!!
You die...

### #. ... ..# #.# #.#
#.# #.# #.# #e# #.# #.#
##@##########.# #.#
#..)........#.##### #.#
#..########........
##.###..##########..####
#.............# #..#
#.#####.#####.# #..# #.#
#.# #.# #..# #.#
#.#####.####..# #.#
#.............#


You could see Duvessa (berserk).

Vanquished Creatures
  An ice beast (D:5)
  A centaur (D:5)
  2 necrophages (D:5)
  Dowan (D:5)
  A jelly (D:4)
  Terence (D:2)
  2 iguanas
  An orc wizard (D:4)
  9 gnolls
  7 adders
  3 worms
  3 dart slugs
  8 orcs
  8 ball pythons
  6 endoplasms
  4 giant cockroaches
  8 goblins
  3 hobgoblins
  9 kobolds
  3 quokkas
  8 bats
  5 rats
94 creatures vanquished.

Vanquished Creatures (others)
  A worm (D:3)
  3 fungi (D:5)
  A plant (D:5)
5 creatures vanquished.

Grand Total: 99 creatures vanquished

Notes
Turn   | Place    | Note
-------+----------+-------------------------------------------
     0 | D:1      | Kazon the Hill Orc Monk began the quest for the Orb.
     0 | D:1      | Reached XP level 1. HP: 19/19 MP: 1/1
   158 | D:1      | Reached XP level 2. HP: 18/27 MP: 2/2
   620 | D:1      | Reached XP level 3. HP: 33/33 MP: 3/3
   858 | D:1      | Found a faded altar of an unknown god.
  1266 | D:2      | Noticed Terence
  1310 | D:2      | Killed Terence
  1311 | D:2      | Reached skill level 5 in Axes
  1311 | D:2      | Reached skill level 1 in Armour
  1311 | D:2      | Reached XP level 4. HP: 23/40 MP: 4/4
  1520 | D:2      | Found Bailloare's Armour Boutique.
  2180 | D:3      | Became a worshipper of Beogh the Brigand
  2180 | D:3      | Reached * piety under Beogh
  2180 | D:3      | Reached ** piety under Beogh
  2214 | D:3      | Found Gonify's Book Shop.
  2300 | D:3      | Reached XP level 5. HP: 33/47 MP: 5/5
  2316 | D:3      | Reached skill level 1 in Invocations
  2803 | D:3      | You fall into a shaft and drop 2 floors!
  2803 | D:5      | Entered Level 5 of the Dungeon
  2839 | D:5      | Reached skill level 6 in Axes
  2847 | D:5      | Found a runed translucent gate.
  2868 | D:5      | Noticed a centaur
  2907 | D:4      | Reached XP level 6. HP: 48/53 MP: 7/7
  3760 | D:4      | Found a hazy altar of Hepliaklqana.
  4084 | D:5      | Reached skill level 1 in Throwing
  4084 | D:5      | Reached XP level 7. HP: 60/60 MP: 9/9
  4137 | D:5      | Reached skill level 1 in Evocations
  4268 | D:5      | Reached skill level 7 in Axes
  4327 | D:5      | Noticed Dowan
  4338 | D:5      | Killed Dowan
  4338 | D:5      | Noticed Duvessa
  4339 | D:5      | Reached skill level 5 in Fighting
  4347 | D:5      | Mangled by Duvessa

Illustrated notes

Levels and vault maps discovered:
D:1:      dpeg_arrival_three_smaller_balls, layout_basic,
          shapermc_ecumenical_altar_mp_urbaneastern, minmay_tetromino_t4
D:2:      layout_basic, serial_shops, shop_fountains, uniq_terence
D:3:      layout_loops_ring, serial_shops, nicolae_shop_window_shopping,
          dk_noncrumbling_3, dk_noncrumbling_4
D:4:      layout_cave_pools, kennysheep_mini
D:5:      layout_loops_ring, gammafunk_ghost_nasty_kobolds, uniq_duvessa

Skill      XL: |  1  2  3  4  5  6  7 |
---------------+----------------------+-----
Fighting       | 4 5 |  5.0
Axes           | 5 6 7 |  7.2
Armour         | 1 2 3 |  3.8
Stealth        | 2 |  2.0
Invocations    | 2 3 |  3.8
Throwing       | 1 |  1.5
Evocations     | 1 |  1.5
Dodging        | |  2.8

Action                   |  1- 3 |  4- 6 |  7- 9 || total
-------------------------+-------+-------+-------++-------
Melee: Hand axe          |    95 |   235 |       ||   330
       Punch             |       |     2 |     1 ||     3
       War axe           |       |     5 |    47 ||    52
Throw: Stone             |       |    20 |       ||    20
       Dart              |       |     7 |       ||     7
       Boomerang         |       |    17 |       ||    17
Invok: Convert to Beogh  |       |     1 |       ||     1
  Use: Potion            |       |     2 |       ||     2
 Stab: Sleeping          |     3 |       |       ||     3
Armor: Robe              |     3 |       |       ||     3
       Plate armour      |    32 |   151 |    23 ||   206
Dodge: Dodged            |    31 |    74 |    19 ||   124

Table legend: (Time is in decaauts)
 A = Elapsed time spent in this place.
 B = Non-inter-level travel time spent in this place.
 C = Inter-level travel time spent in this place.
 D = Time resting spent in this place.
 E = Time spent auto-exploring this place.
 F = Levels seen in this place.
 G = Mean time per level.
                   A        B        C        D        E       F      G
               +--------+--------+--------+--------+--------+-----+--------+
         Total |   4368 |   4261 |    107 |      0 |   2217 |   5 |  873.6 |
       Dungeon |   4368 |   4261 |    107 |      0 |   2217 |   5 |  873.6 |
               +--------+--------+--------+--------+--------+-----+--------+

Top non-repeatable levels by time:
     D:3: 1146 daAuts
     D:1: 987 daAuts
     D:2: 981 daAuts
     D:4: 899 daAuts
     D:5: 353 daAuts
